 Dungeon Crawl Stone Soup version 0.17.1-1-g73c8601 (webtiles) character file.

316 JustSomeDude the Skirmisher (level 6, -1/49 HPs)
             Began as a Demonspawn Monk on Jan 8, 2016.
             Slain by Aviak's ghost (7 damage)
             ... on level 4 of the Dungeon.
             The game lasted 00:13:20 (3826 turns).

JustSomeDude the Skirmisher (Demonspawn Monk)       Turns: 3826, Time: 00:13:21

Health: -1/49      AC: 11    Str: 11    XL:     6   Next: 20%
Magic:  6/6        EV:  6    Int: 11    God:
Gold:   195        SH:  0    Dex: 18    Spells: 0 memorised, 5 levels left

rFire  . . .     SeeInvis .     o - +0 hand axe
rCold  . . .     Clarity  .     i - +0 chain mail
rNeg   . . .     SustAt   .     (no shield)
rPois  .         Gourm    .     (no helmet)
rElec  .         Spirit   .     g - +0 cloak
rCorr  .         Warding  .     f - +0 pair of gloves
rMut   .         Stasis   .     (no boots)
MR     .....                    (no amulet)
Stlth  ..........               (no ring)
                                (no ring)

@: not resistant to hostile enchantments, extremely unstealthy
A: hooves 2, powered by pain 3
a: no special abilities


You were on level 4 of the Dungeon.
You were not hungry.

You visited 1 branch of the dungeon, and saw 4 of its levels.

You collected 195 gold pieces.

Inventory:

Hand Weapons
 o - a +0 hand axe (weapon)
Missiles
 a - 15 tomahawks (quivered)
Armour
 f - a +0 pair of gloves (worn)
 g - a +0 cloak (worn)
 i - a +0 chain mail (worn)
Jewellery
 e - an uncursed ring of protection from magic {unknown}
 m - a +4 ring of slaying {unknown}
Scrolls
 c - a scroll of fear {unknown}
 d - a scroll of noise {unknown}
 h - 2 scrolls of remove curse {unknown}
 j - 2 scrolls of identify {unknown}
 k - 2 scrolls of amnesia {unknown}
 p - a scroll of teleportation {unknown}
Comestibles
 b - 2 bread rations
 l - a meat ration


   Skills:
 + Level 4.4 Fighting
 + Level 0.6 Axes
 + Level 2.6 Armour
 + Level 4.0 Dodging
 + Level 1.7 Stealth
 + Level 4.2 Unarmed Combat


You had 5 spell levels left.
You didn't know any spells.

Dungeon Overview and Level Annotations

Branches:
Dungeon (4/15)
 Temple: D:4-7

Altars:
Fedhas
Okawaru
Vehumet

Annotations:
D:4 Aviak's ghost, amateur VSTm


Innate Abilities, Weirdness & Mutations

You have hoof-like feet.
You are powered by pain.


Message History

* * * LOW HITPOINT WARNING * * *
You closely miss Aviak's ghost.
Aviak's ghost is severely damaged.
Aviak's ghost hits you but does no damage.
You hit Aviak's ghost. Your kick misses Aviak's ghost.
Aviak's ghost is almost destroyed.
Aviak's ghost hits you but does no damage.
Aviak's ghost hits you.
* * * LOW HITPOINT WARNING * * *
Your chain mail prevents you from hitting Aviak's ghost.
You kick Aviak's ghost, but do no damage.
Aviak's ghost is almost destroyed.
Aviak's ghost hits you but does no damage.
You completely miss Aviak's ghost.
Aviak's ghost is almost destroyed.
Aviak's ghost hits you but does no damage.
You hit Aviak's ghost.
Aviak's ghost is almost destroyed.
Aviak's ghost hits you!
You die...

..###
#.)#.
#....
#...
#...#
#....##
#...W.###
#@.<#
###..#
#..# ...#
..## ####


You could see Aviak's ghost.

Vanquished Creatures
  An orc priest (D:3)
  2 orc wizards (D:3)
  Jessica (D:2)
  A worker ant (D:3)
  6 gnolls
  4 adders
  5 giant geckos
  10 orcs (D:3)
  5 hobgoblins
  6 jackals
  A quokka (D:3)
  6 bats
  2 giant cockroaches
  5 giant newts
  6 goblins
  9 kobolds
  10 rats
80 creatures vanquished.

Notes
Turn   | Place    | Note
--------------------------------------------------------------
     0 | D:1      | JustSomeDude the Demonspawn Monk began the quest for the Orb.
     0 | D:1      | Reached XP level 1. HP: 18/18 MP: 1/1
   232 | D:1      | Gained mutation: You sometimes gain a little power by taking damage. [demonic ancestry]
   232 | D:1      | Reached XP level 2. HP: 16/24 MP: 2/2
   875 | D:2      | Gained mutation: You sometimes gain power by taking damage. [demonic ancestry]
   875 | D:2      | Reached XP level 3. HP: 24/29 MP: 3/3
   878 | D:2      | Found an iron altar of Okawaru.
   878 | D:2      | Found a radiant altar of Vehumet.
   934 | D:2      | Noticed Jessica
   957 | D:2      | Found a blossoming altar of Fedhas.
  1314 | D:2      | Reached skill level 4 in Unarmed Combat
  1431 | D:2      | Killed Jessica
  1431 | D:2      | Gained mutation: You have large cloven feet. [demonic ancestry]
  1431 | D:2      | Reached XP level 4. HP: 16/36 MP: 4/4
  1671 | D:2      | Reached skill level 1 in Armour
  2753 | D:3      | Gained mutation: You are powered by pain. [demonic ancestry]
  2753 | D:3      | Reached XP level 5. HP: 23/42 MP: 5/5
  3763 | D:3      | Gained mutation: You have hoof-like feet. [demonic ancestry]
  3763 | D:3      | Reached XP level 6. HP: 37/49 MP: 6/6
  3790 | D:4      | Noticed Aviak's ghost (amateur VSTm)
  3826 | D:4      | Slain by Aviak's ghost

Action                   |  1- 3 |  4- 6 || total
-------------------------+-------+-------++-------
Melee: Unarmed           |   153 |    91 ||   244
       Hand axe          |       |   185 ||   185
  Use: Potion            |       |     4 ||     4
 Stab: Sleeping          |     2 |       ||     2
  Eat: Meat ration       |     1 |     1 ||     2
       Chunk             |       |     1 ||     1
